 Dungeon Crawl Stone Soup version 0.20-a0-930-gbddf555 (webtiles) character file.

19 tarabluh the Ogre Mage (level 2, 0/24 HPs)
             Began as an Ogre Wizard on Mar 30, 2017.
             Slain by a hobgoblin
             ... wielding a +0 club
              (4 damage)
             ... on level 1 of the Dungeon.
             The game lasted 00:01:03 (504 turns).

tarabluh the Ogre Mage (Ogre Wizard)                 Turns: 504, Time: 00:01:04

Health: 0/24       AC:  3    Str: 10    XL:     2   Next: 75%
Magic:  1/7        EV: 10    Int: 19    God:
Gold:   12         SH:  0    Dex:  7    Spells: 8/9 levels left

rFire    . . .     SeeInvis .   (no weapon)
rCold    . . .     Gourm    .   (no shield)
rNeg     . . .     Faith    .   a - +0 robe
rPois    .         Spirit   .   b - +0 hat
rElec    .         Reflect  .   (no cloak)
rCorr    .         Harm     .   (gloves unavailable)
MR       .....                  (boots unavailable)
Stlth    +.........             (no amulet)
Regen    0.1/turn               (no ring)
MPRegen  0.1/turn               (no ring)

@: very slightly contaminated
A: unfitting armour, tough skin 1
a: no special abilities


You were on level 1 of the Dungeon.
You were not hungry.

You visited 1 branch of the dungeon, and saw 1 of its levels.

You collected 12 gold pieces.

Inventory:

Hand Weapons
 g - a +0 dagger
Armour
 a - a +0 robe (worn)
 b - a +0 hat (worn)
Scrolls
 e - a scroll of remove curse {unknown}
Books
 c - a book of Minor Magic

   Spells                             Type                      Level
   a - Magic Dart                     Conjuration                  1
   b - Blink                          Translocation                2
   c - Call Imp                       Summoning                    2
   d - Slow                           Hexes                        2
   e - Conjure Flame                  Conjuration/Fire             3
   f - Mephitic Cloud                 Conjuration/Poison/Air       3
Comestibles
 d - a bread ration
 f - 3 chunks of flesh


   Skills:
 - Level 1.7 Dodging
 - Level 1.4 Stealth
 + Level 4.1 Spellcasting
 + Level 1.7 Conjurations
   Level 0.8 Summonings
   Level 0.8 Translocations


You had 8 spell levels left.
You knew the following spells:

 Your Spells              Type           Power        Failure   Level  Hunger
a - Magic Dart            Conj           ##..         10%         1    None


Dungeon Overview and Level Annotations

Branches:
Dungeon (1/15)

Altars:


Innate Abilities, Weirdness & Mutations

You are too large for most types of armour.
You have tough skin. (AC +1)


Message History

* * * LOW HITPOINT WARNING * * *
Casting: Magic Dart
Confirm with . or Enter, or press ? or * to list all spells.
Aiming: Magic Dart
Press: ? - help, Shift-Dir - straight line, f/p - giant cockroach
Aim: a giant cockroach (clinging)
You miscast Magic Dart.
Sparks fly from your hands! The giant cockroach barely misses you.
You hit the giant cockroach but do no damage.
The giant cockroach bites you.
* * * LOW HITPOINT WARNING * * *
The giant cockroach bites you but does no damage.
There is an open door here.
The giant cockroach closely misses you.
Things that are here:
a dagger; a kobold corpse
g - a dagger The giant cockroach barely misses you.
The hobgoblin hits you with a club.
You die...

#...).#.# #.# #........#
#.....#.# #.# #####..###
##....#.# #.# #..# ####.#.####
#.# #..####### #.#....####.#
#....).... ..####.#.##...####
#########. #........##...# #####
#.......#.
..####.####...###†..####.......#.
#.# #...#.@s>...###.#'#..#. #.#
#...'..g....##..#.#..#† ###.#
#...#..#g#..#####.####.
....#####+#####.########.####.
............g.................
.#####.##.###########.######.
##..##.# ###'### #. ##.###...##.#
##.....## #. .........##.+
#.......# #.


You could see a giant cockroach and 2 hobgoblins.

Vanquished Creatures
  An ooze (D:1)
  A giant cockroach (D:1)
  A goblin (D:1)
  A hobgoblin (D:1)
  3 jackals (D:1)
  A ball python (D:1)
  2 bats (D:1)
  2 kobolds (D:1)
  2 rats (D:1)
14 creatures vanquished.

Notes
Turn   | Place    | Note
-------+----------+-------------------------------------------
     0 | D:1      | tarabluh the Ogre Wizard began the quest for the Orb.
     0 | D:1      | Reached XP level 1. HP: 16/16 MP: 5/5
     7 | D:1      | Reached skill level 1 in Conjurations
   143 | D:1      | Reached XP level 2. HP: 18/24 MP: 1/6
   301 | D:1      | Reached skill level 4 in Spellcasting
   504 | D:1      | Slain by a hobgoblin

Vault maps used:
D:1:      dpeg_arrival_renting, corexii_item_surrounded_by_moat,
          xom_teletrap_fun

Skill      XL: |  1  2 |
---------------+-------+-----
Conjurations   | 1 |  1.7
Spellcasting   | 4 |  4.1
Dodging        | |  1.7
Stealth        | |  1.4
Summonings     | |  0.8
Translocations | |  0.8

Action                   || total
-------------------------++-------
Melee: Unarmed           ||    39
 Cast: Magic Dart        ||    31
Armor: Robe              ||    23
Dodge: Dodged            ||    33
